 Dungeon Sprint DCSS version 0.29-a0-284-gf9362112df (webtiles) character file.

Game seed: 13738760924568748802

1851 mhtbhm the Spear-Bearer (level 8, -10/124 HPs)
             Began as a Grey Draconian Berserker on Mar 27, 2022.
             Was a High Priest of Trog.
             Mangled by an earth elemental (26 damage)
             ... in the Dungeon (Sprint III: "The Ten Rune Challenge").
             The game lasted 00:01:26 (1080 turns).

mhtbhm the Spear-Bearer (Grey Draconian Berserker)  Turns: 1080, Time: 00:01:26

Health: -10/124    AC: 11    Str: 23    XL:     8   Next: 88%
Magic:  8/8        EV: 18    Int:  9    God:    Trog [*****.]
Gold:   34         SH:  0    Dex: 18    Spells: 7/7 levels left

rFire   . . .      SeeInvis .   a - +0 spear
rCold   . . .      Faith    .   (no shield)
rNeg    . . .      Spirit   .   (body armour unavailable)
rPois   .          Reflect  .   (helmet restricted)
rElec   .          Harm     .   (no cloak)
rCorr   .          Rampage  .   (no gloves)
Will    .....      NoTele   +   (no boots)
Stlth   ..........              (no amulet)
HPRegen 0.30/turn               h - +6 ring of dexterity
MPRegen 0.11/turn               (no ring)

@: berserking, very quick
A: AC +11, amphibious, unfitting armour, cold-blooded, thin skeletal structure
1, strong 1
a: Renounce Religion, Berserk, Trog's Hand, Brothers in Arms


You were in the Dungeon.
You worshipped Trog.
Trog was extremely pleased with you.
You visited 1 branch You collected 34 gold pieces.

Inventory:

Hand Weapons
 a - a +0 spear (weapon)
Jewellery
 h - a +6 ring of dexterity (left hand)
Wands
 m - a wand of charming (12)
Scrolls
 g - a scroll of blinking
 j - 2 scrolls of torment {unknown}
 k - 2 scrolls of identify {unknown}
Potions
 b - 3 potions of curing
 c - 2 potions of heal wounds
 d - a potion of haste
 e - 2 potions of magic
 f - a potion of berserk rage
 i - 2 potions of mutation
 l - 2 potions of flight
 o - a potion of ambrosia {unknown}
Miscellaneous
 n - a condenser vane


   Skills:
 + Level 12.2 Fighting
 + Level 13.2 Polearms
 + Level 9.4 Dodging
 + Level 4.8 Stealth


You had 7 spell levels left.
You didn't know any spells.
Your spell library was empty.

Dungeon Overview and Level Annotations

Branches:
Dungeon (1/1)

Altars:
Cheibriados
Dithmenos
Elyvilon
Fedhas
Gozag
Hepliaklqana
Kikubaaqudgha
Makhleb
Nemelex Xobeh
Okawaru
Qazlal
Ru
Sif Muna
Trog
Uskayaw
Vehumet
Wu Jian
Xom
Yredelemnul
Zin
The Shining One
Beogh
Jiyva
Lugonu


Innate Abilities, Weirdness & Mutations

Your dull iron-grey scales are very hard. (AC +11)
You are amphibious.
You cannot fit into any form of body armour.
You are cold-blooded and may be slowed by cold attacks.
You have a somewhat thin skeletal structure. (Dex +2, Stealth+)
Your muscles are strong. (Str +2)


Message History

You are too injured to fight recklessly!
You are too injured to fight recklessly!
You are too injured to fight recklessly!
You are too injured to fight recklessly!
You are too injured to fight recklessly!
You are too injured to fight recklessly!
A red film seems to cover your vision as you go berserk!
You feel yourself moving faster!
You feel mighty!
You hit the earth elemental but do no damage.
You tail-slap the earth elemental, but do no damage.
The earth elemental is lightly damaged.
You hit the earth elemental but do no damage.
The earth elemental is lightly damaged.
The earth elemental hits you!!
* * * LOW HITPOINT WARNING * * *
You hit the earth elemental but do no damage.
You tail-slap the earth elemental.
The earth elemental is lightly damaged.
You hit the earth elemental.
The earth elemental is lightly damaged.
You hit the earth elemental but do no damage.
The earth elemental is lightly damaged.
You puncture the earth elemental! You punch the earth elemental.
The earth elemental is moderately damaged.
You hit the earth elemental.
The earth elemental is moderately damaged.
The earth elemental hits you!
* * * LOW HITPOINT WARNING * * *
You hit the earth elemental but do no damage.
The earth elemental is moderately damaged.
You hit the earth elemental.
The earth elemental is heavily damaged.
You hit the earth elemental.
The earth elemental is heavily damaged.
You puncture the earth elemental!
The earth elemental is heavily damaged.
You barely miss the earth elemental.
The earth elemental is heavily damaged.
The earth elemental hits you!!
You die...

__#___#__#
..#__)#._#
#'#'###)##
...÷.....#
⌠........#
..######'#
⌠.#__#...#+#######
..#__#...#..≈≈≈'.#
###__#...#.#§§§#@#
).#__#...'.#§§§#E#
__#__'...#.#..§#..
▓▓▓▓▓▓▓▓▓▓▓▓▓▓▓▓▓▓▓


You could see an earth elemental.

Vanquished Creatures
  Josephine (D)
  A deep elf pyromancer (D)
  A shadow (D)
  A spatial vortex (D)
  A necrophage (D)
  A water elemental (D)
  A jelly (D)
  A wizard (D)
  A necromancer (D)
  3 humans (D)
  A kobold demonologist (D)
  A wolf (D)
  2 endoplasms (D)
  2 rats (D)
18 creatures vanquished.

Notes
Turn   | Place    | Note
-------+----------+-------------------------------------------
     0 | D        | mhtbhm the Draconian Berserker began the quest for the Orb.
     0 | D        | Reached XP level 1. HP: 19/19 MP: 1/1
    13 | D        | Reached ** piety under Trog
    36 | D        | Noticed a wolf
    43 | D        | Killed a wolf
    44 | D        | Reached skill level 4 in Polearms
    44 | D        | Reached XP level 2. HP: 28/28 MP: 2/2
    49 | D        | Reached skill level 5 in Fighting
    49 | D        | Reached skill level 5 in Polearms
    49 | D        | Reached XP level 3. HP: 36/36 MP: 3/3
    67 | D        | Gained mutation: Your muscles are strong. (Str +2) [potion
                  | of mutation]
    67 | D        | Gained mutation: You have a somewhat thin skeletal
                  | structure. (Dex +2, Stealth+) [potion of mutation]
   124 | D        | Noticed a water elemental
   129 | D        | Killed a water elemental
   129 | D        | Reached *** piety under Trog
   130 | D        | Reached skill level 6 in Polearms
   130 | D        | Reached XP level 4. HP: 45/45 MP: 4/4
   246 | D        | Found a basalt altar of Yredelemnul.
   246 | D        | Found a shadowy altar of Dithmenos.
   246 | D        | Found a sacrificial altar of Ru.
   246 | D        | Noticed a necrophage
   255 | D        | Reached skill level 5 in Dodging
   262 | D        | Killed a necrophage
   263 | D        | Reached skill level 7 in Polearms
   263 | D        | Reached XP level 5. HP: 52/52 MP: 5/5
   348 | D        | Found a hide-covered altar of Uskayaw.
   348 | D        | Found an iron altar of Okawaru.
   348 | D        | Found a bloodstained altar of Trog.
   348 | D        | Found an ornate altar of the Wu Jian Council.
   348 | D        | Noticed a human
   349 | D        | Noticed a human
   360 | D        | Killed a human
   361 | D        | Reached skill level 9 in Polearms
   361 | D        | Reached skill level 1 in Stealth
   361 | D        | Reached XP level 6. HP: 62/62 MP: 6/6
   420 | D        | Killed a human
   420 | D        | Reached **** piety under Trog
   421 | D        | Reached skill level 10 in Polearms
   557 | D        | Found a glowing silver altar of Zin.
   557 | D        | Found a glowing golden altar of the Shining One.
   557 | D        | Found a white marble altar of Elyvilon.
   558 | D        | Noticed a deep elf pyromancer
   571 | D        | Killed a deep elf pyromancer
   572 | D        | Reached skill level 10 in Fighting
   572 | D        | Reached skill level 11 in Polearms
   572 | D        | Your scales start taking on a dull iron-grey colour.
   572 | D        | Reached XP level 7. HP: 73/73 MP: 7/7
   663 | D        | Found a radiant altar of Vehumet.
   663 | D        | Found a shimmering blue altar of Sif Muna.
   663 | D        | Found an ancient bone altar of Kikubaaqudgha.
   700 | D        | Noticed a shadow
   711 | D        | Killed a shadow
   711 | D        | Reached ***** piety under Trog
   712 | D        | Reached XP level 8. HP: 82/82 MP: 8/8
   715 | D        | Reached skill level 12 in Polearms
   755 | D        | Found a blossoming altar of Fedhas.
   755 | D        | Found a stormy altar of Qazlal.
   755 | D        | Found a snail-covered altar of Cheibriados.
   755 | D        | Found a burning altar of Makhleb.
   755 | D        | Found a shimmering altar of Xom.
   756 | D        | Found a hazy altar of Hepliaklqana.
   756 | D        | Found an opulent altar of Gozag.
   756 | D        | Found a sparkling altar of Nemelex Xobeh.
   756 | D        | Found a corrupted altar of Lugonu.
   756 | D        | Found a viscous altar of Jiyva.
   846 | D        | Noticed Josephine
   867 | D        | Killed Josephine
   868 | D        | Reached skill level 13 in Polearms
  1080 | D        | Mangled by an earth elemental

Illustrated notes

Levels and vault maps discovered:
D:        dungeon_sprint_mu [sprint_mu_entry_forest, sprint_mu_temple_rooms,
          sprint_mu_d1_horrors, sprint_mu_d2_genie, sprint_mu_d3_branching,
          sprint_mu_orc_legion, sprint_mu_elf_gauntlet, sprint_mu_hive_nellie,
          sprint_mu_lair_fedhas, sprint_mu_vaults_butterflies,
          sprint_mu_slime_circle, sprint_mu_shoals_kraken,
          sprint_mu_snake_twists, sprint_mu_blade_basic,
          sprint_mu_crypt_chambers, sprint_mu_tomb_spiral,
          sprint_mu_vestibule_basic, sprint_mu_gehenna_hellfire,
          sprint_mu_dis_giant, sprint_mu_tartarus_statrot,
          sprint_mu_cocytus_islands, sprint_mu_zot1]

Skill      XL: |  1  2  3  4  5  6  7  8 |
---------------+-------------------------+-----
Fighting       | 4 5 6 7 8 10 11 12 | 12.2
Polearms       | 4 5 6 7 9 11 13 | 13.2
Dodging        | 3 4 5 6 8 9 |  9.4
Stealth        | 1 2 4 |  4.8

Action                   |  1- 3 |  4- 6 |  7- 9 || total
-------------------------+-------+-------+-------++-------
Melee: Spear             |    20 |    38 |    73 ||   131
       Tailslap          |     1 |     7 |    16 ||    24
       Punch             |       |     1 |     2 ||     3
Invok: Berserk           |     2 |     4 |     3 ||     9
  Use: Potion            |     1 |       |       ||     1
 Stab: Sleeping          |     1 |       |     5 ||     6
Armor: Skin              |     1 |       |     2 ||     3
Dodge: Dodged            |     4 |    15 |     6 ||    25

Table legend: (Time is in decaauts)
 A = Elapsed time spent in this place.
 B = Non-inter-level travel time spent in this place.
 C = Inter-level travel time spent in this place.
 D = Time resting spent in this place.
 E = Time spent auto-exploring this place.
 F = Levels seen in this place.
 G = Mean time per level.
                   A        B        C        D        E       F      G
               +--------+--------+--------+--------+--------+-----+--------+
         Total |   1112 |   1112 |      0 |    831 |     28 |   1 | 1112.0 |
       Dungeon |   1112 |   1112 |      0 |    831 |     28 |   1 | 1112.0 |
               +--------+--------+--------+--------+--------+-----+--------+

Top non-repeatable levels by time:
       D: 1112 daAuts
